 Dungeon Crawl Stone Soup version 0.23.1-44-gbd83930989 (webtiles) character file.

Game seed: 9434871608304019359

55 PentaManta the Ducker (level 3, -12/26 HPs)
             Began as an Octopode Fighter on Mar 30, 2019.
             Killed from afar by a white imp (14 damage)
             ... with a puff of frost
             ... summoned by Natasha
             ... on level 2 of the Dungeon.
             The game lasted 00:01:54 (740 turns).

PentaManta the Ducker (Octopode Fighter)             Turns: 740, Time: 00:01:54

Health: -12/26     AC:  1    Str: 15    XL:     3   Next: 93%
Magic:  3/3        EV: 12    Int: 10    God:
Gold:   47         SH:  8    Dex: 12    Spells: 2/2 levels left

rFire    . . .     SeeInvis .   a - +0 long sword
rCold    . . .     Gourm    .   b - +0 shield
rNeg     . . .     Faith    .   (helmet restricted)
rPois    .         Spirit   .   (no amulet)
rElec    .         Reflect  .   (no ring)
rCorr    .         Harm     .   (no ring)
MR       .....                  (no ring)
Stlth    +++.......             (no ring)
HPRegen  0.08/turn              (no ring)
MPRegen  0.08/turn              (no ring)
                                (no ring)
                                (no ring)

@: no status effects
A: almost no armour, stealthy swim, amphibious, 8 rings, constrict 8, camouflage
1, gelatinous body 1
a: no special abilities


You were on level 2 of the Dungeon.
You were not hungry.

You visited 1 branch of the dungeon, and saw 2 of its levels.

You collected 47 gold pieces.

Inventory:

Hand Weapons
 a - a +0 long sword (weapon)
Missiles
 f - 4 tomahawks (quivered)
Armour
 b - a +0 shield (worn)
Scrolls
 e - 2 scrolls of identify {unknown}
 g - a scroll of remove curse {unknown}
Potions
 c - a potion of might
Comestibles
 d - 4 rations


   Skills:
 - Level 3.0 Fighting
 + Level 2.6 Long Blades
 + Level 3.4 Dodging
 * Level 3.4 Stealth
 - Level 3.0 Shields


You had 2 spell levels left.
You didn't know any spells.
Your spell library was empty.

Dungeon Overview and Level Annotations

Branches:
Dungeon (2/15)

Altars:

Annotations:
D:2 Natasha


Innate Abilities, Weirdness & Mutations

You cannot wear most types of armour.
You are very stealthy in the water. (Stealth+)
You are amphibious.
You can wear up to eight rings at the same time.
You can use your tentacles to constrict eight enemies at once.
Your skin changes colour to match your surroundings (Stealth+).
Your rubbery body absorbs attacks. (AC +1, EV +1)


Message History

Natasha casts a spell at you. The magic dart hits you.
Natasha casts a spell.
Natasha mumbles some strange words.
You block the white imp's attack. Natasha claws you.
The white imp gestures at you. The puff of frost hits you!
Ouch! That really hurt!
* * * LOW HITPOINT WARNING * * *
You slash Natasha! Your grab misses Natasha.
Natasha is heavily wounded.
You block Natasha's attack. The white imp gestures at you.
You block the puff of frost. The white imp barely misses you.
You block Natasha's attack. The white imp gestures at you.
The puff of frost hits you!
Ouch! That really hurt!
You die...

#........# ##...
#........###..##
#...............
#######........#...###
#..?...[...#.##..###
#..........#.##.#####.
#..........#.....)....
#......5...#....######
#...<@.h5.......)#
###########....†.#
#.......# #.........
........#.#.
###......... .
#......##.. #.###.##
#..


You could see Natasha, a white imp and a shadow imp.

Vanquished Creatures
  A howler monkey (D:2)
  A dart slug (D:1)
  A ball python (D:1)
  3 giant cockroaches
  2 goblins (D:1)
  4 hobgoblins
  A kobold (D:1)
  3 frilled lizards (D:1)
  2 rats
18 creatures vanquished.

Notes
Turn   | Place    | Note
-------+----------+-------------------------------------------
     0 | D:1      | PentaManta the Octopode Fighter began the quest for the
                  | Orb.
     0 | D:1      | Reached XP level 1. HP: 16/16 MP: 1/1
    84 | D:1      | Reached skill level 1 in Stealth
   158 | D:1      | Reached XP level 2. HP: 18/21 MP: 2/2
   583 | D:2      | Noticed a howler monkey
   594 | D:2      | Killed a howler monkey
   594 | D:2      | Reached XP level 3. HP: 15/26 MP: 3/3
   625 | D:2      | Noticed Natasha
   737 | D:2      | HP: 1/26 [white imp/puff of frost[Natasha] (14)]
   740 | D:2      | Killed from afar by a white imp

Skill      XL: |  1  2 |
---------------+-------+-----
Stealth        | 1 3 |  3.4
Fighting       | |  3.0
Long Blades    | |  2.6
Dodging        | |  3.4
Shields        | |  3.0

Action                   || total
-------------------------++-------
Melee: Long sword        ||    28
       Constrict         ||     8
       Tentacles         ||     6
 Stab: Sleeping          ||     8
Dodge: Dodged            ||     9
Block: Shield            ||    10
       Rpst.: Long sword ||     3
